 Dungeon Crawl Stone Soup version 0.29.1-12-g30fa7ad0bf (webtiles) character file.

Game seed: 3605808626683892635

1064 tkbsonic5 the Ogre Mage (level 8, -4/78 HPs)
             Began as an Ogre Hedge Wizard on Jan 7, 2023.
             Was a Follower of Vehumet.
             Killed from afar by an electric eel (13 damage)
             ... with a bolt of electricity
             ... on level 6 of the Dungeon.
             The game lasted 00:51:18 (9193 turns).

tkbsonic5 the Ogre Mage (Ogre Hedge Wizard)         Turns: 9193, Time: 00:51:19

Health: -4/78      AC:  7    Str: 15    XL:     8   Next: 27%
Magic:  15/15      EV: 10    Int: 17    God:    Vehumet [*.....]
Gold:   271        SH:  0    Dex:  8    Spells: 2/16 levels left

rFire   . . .      SeeInvis .   o - +1 short sword (venom)
rCold   . . .      Faith    .   (no shield)
rNeg    . . .      Spirit   .   b - +0 robe
rPois   +          Reflect  .   c - +0 hat
rElec   .          Harm     .   (no cloak)
rCorr   .          Rampage  .   (gloves unavailable)
Will    .....                   (boots unavailable)
Stlth   +.........              (no amulet)
HPRegen 0.23/turn               h - ring of poison resistance
MPRegen 0.14/turn               s - +4 ring of protection

@: confused, ambrosia-drunk, very slow
A: large, unfitting armour, tough skin 1
a: Renounce Religion


You were on level 6 of the Dungeon.
You worshipped Vehumet.
Vehumet was aware of your devotion.
You visited 1 branch of the dungeon, and saw 6 of its levels.

You collected 271 gold pieces.

Inventory:

Hand Weapons
 d - a +2 vampiric spear
 f - a +0 quarterstaff
 i - a +0 halberd
 m - a +0 flail
 o - a +1 short sword of venom (weapon)
 p - a +4 falchion
 q - a +0 sling
 y - a +0 war axe
Missiles
 e - 2 large rocks (quivered)
 x - 3 silver javelins
Armour
 b - a +0 robe (worn)
 c - a +0 hat (worn)
Jewellery
 h - a ring of poison resistance (left hand)
 s - a +4 ring of protection (right hand)
Scrolls
 g - a scroll of teleportation
 u - a scroll of amnesia
 w - a scroll of vulnerability
Potions
 a - a potion of brilliance


   Skills:
 * Level 3.8 Fighting
 * Level 0.9 Short Blades
 - Level 1.7 Polearms
 * Level 2.1 Throwing
 * Level 3.2 Dodging
 - Level 1.4 Stealth
 + Level 4.8 Spellcasting
 + Level 2.5 Conjurations
 + Level 2.0 Hexes
 + Level 2.7 Summonings
 + Level 2.1 Translocations
 + Level 1.5 Fire Magic
 + Level 2.1 Air Magic
 + Level 2.1 Poison Magic


You had 2 spell levels left.
You knew the following spells:

 Your Spells              Type           Power      Damage    Failure   Level
a - Tukima's Dance        Hex            10%        N/A       19%         3
b - Shock                 Conj/Air       48%        1d6       5%          1
c - Blink                 Tloc           22%        N/A       9%          2
d - Call Imp              Summ           13%        N/A       7%          2
e - Mephitic Cloud        Conj/Pois/Air  11%        N/A       17%         3
f - Conjure Flame         Conj/Fire      11%        6-21      19%         3

Your spell library contained the following spells:

 Spells                   Type           Power      Damage    Failure   Level
 Magic Dart               Conj           48%        1d5       4%          1
 Slow                     Hex            40%        N/A       6%          1
 Portal Projectile        Hex/Tloc       22%        N/A       19%         3
 Animate Dead             Necr           4%         N/A       82%         4
 Blade Hands              Tmut           2%         N/A       99%         5
 Haunt                    Necr/Summ      4%         N/A       100%        7
 Infestation              Necr           2%         N/A       100%        8


Dungeon Overview and Level Annotations

Branches:
Dungeon (6/15)             Temple (0/1) D:4

Altars:
Elyvilon
Gozag
Nemelex Xobeh
Ru
Vehumet

Shops:
D:1 (

Annotations:
D:5 3 runed translucent doors, fantasyman's ghost, amateur BaFi


Innate Abilities, Weirdness & Mutations

You are too large for most types of armour.
You have tough skin. (AC +1)


Message History

Moving in this stuff is going to be slow.
As you read the scroll of teleportation, it crumbles to dust.
You feel strangely unstable.
The electric eel shoots out a bolt of lightning at you!
The bolt of electricity hits you! x2
The bolt of electricity hits the electric eel.
The electric eel completely resists.
The electric eel shoots out a bolt of lightning at you!
The bolt of electricity misses you.
You feel much better.
The electric eel shoots out a bolt of lightning at you!
The bolt of electricity hits you! The bolt of electricity hits you.
The bolt of electricity hits the electric eel.
The electric eel completely resists.
Unknown command.
It was a potion of cancellation.
You feel strangely stable.
You feel magically purged.
The electric eel shoots out a bolt of lightning at you!
The bolt of electricity hits you!
You barely miss the electric eel.
The electric eel shoots out a bolt of lightning at you!
The bolt of electricity hits you. The bolt of electricity hits you!
The bolt of electricity hits the electric eel.
The electric eel completely resists.
The electric eel shoots out a bolt of lightning at you!
The bolt of electricity hits you!
* * * LOW HITPOINT WARNING * * *
You are confused.
You feel invigorated.
You bump into the rock wall.
You hit the electric eel.
The electric eel is poisoned.
The electric eel is lightly wounded.
The electric eel shoots out a bolt of lightning at you!
The bolt of electricity hits you! x2
* * * LOW HITPOINT WARNING * * *
The bolt of electricity misses the electric eel.
The electric eel shoots out a bolt of lightning at you!
The bolt of electricity hits you!
You die...

..........# ##
..........###..
......~PPP~♣..
~~♣~~~~~P~~~♣#
~~P~P~~≈~P~~~~
~~~~≈≈≈~~~~
~P~P≈≈~S~♣
~P~~~~S@♣
PP♣~~~### ♣♣~.#
..#####.#
#.......#
#######.# #.#
#.### #.#.##


You could see 2 electric eels.

Vanquished Creatures
  A phantom (D:5)
  A necrophage (D:4)
  A gnoll sergeant (D:5)
  A scorpion (D:5)
  3 hounds (D:5)
  3 orc priests (D:3)
  2 iguanas
  Ijyb (D:5)
  6 orc wizards
  A hound skeleton (D:3)
  4 gnolls (D:5)
  3 adders
  A shadow imp (D:6)
  An ufetubus (D:5)
  An adder skeleton (D:3)
  A worm (D:5)
  A dart slug (D:1)
  20 orcs
  4 ball pythons
  4 endoplasms
  3 giant cockroaches
  5 goblins
  5 hobgoblins
  4 jackals
  3 quokkas
  3 bats (D:1)
  4 frilled lizards
  3 kobolds
  A quokka skeleton (D:3)
  2 rats
93 creatures vanquished.

Vanquished Creatures (collateral kills)
  A scorpion (D:4)
  Jessica (D:2)
  An iguana (D:4)
  Natasha (thrice) (D:2)
  An adder (D:5)
  An adder skeleton (D:3)
  An adder zombie (D:3)
  A worm (D:2)
  3 orcs
  2 endoplasms
  4 hobgoblins
  3 ball pythons
  2 frilled lizards
  A spectral hobgoblin (D:2)
25 creatures vanquished.

Vanquished Creatures (others)
  A dancing weapon (D:5)
  5 plants (D:6)
  A withered plant (D:3)
7 creatures vanquished.

Grand Total: 125 creatures vanquished

Notes
Turn   | Place    | Note
-------+----------+-------------------------------------------
     0 | D:1      | tkbsonic5 the Ogre Hedge Wizard began the quest for the
                  | Orb.
     0 | D:1      | Reached XP level 1. HP: 16/16 MP: 5/5
     2 | D:1      | Learned a level 1 spell: Slow
    60 | D:1      | Reached skill level 1 in Translocations
   107 | D:1      | Reached skill level 1 in Summonings
   109 | D:1      | Reached skill level 1 in Conjurations
   129 | D:1      | Reached XP level 2. HP: 11/24 MP: 1/6
   191 | D:1      | Learned a level 2 spell: Blink
   194 | D:1      | Learned a level 2 spell: Call Imp
  1099 | D:1      | Reached XP level 3. HP: 32/32 MP: 5/8
  1485 | D:1      | Found Cuikh's Antique Weapon Shoppe.
  1600 | D:2      | Learned a level 3 spell: Mephitic Cloud
  1628 | D:2      | Reached skill level 1 in Fighting
  1776 | D:2      | Noticed Natasha
  1783 | D:2      | Noticed Jessica
  1801 | D:2      | Killed Natasha
  1802 | D:2      | Reached XP level 4. HP: 34/41 MP: 5/9
  1817 | D:2      | Killed Jessica
  1818 | D:2      | Reached skill level 4 in Spellcasting
  1980 | D:2      | Noticed Natasha
  2000 | D:2      | Killed Natasha
  2069 | D:2      | Noticed Natasha
  2075 | D:2      | Killed Natasha
  2076 | D:2      | Reached skill level 1 in Poison Magic
  2076 | D:2      | Reached XP level 5. HP: 41/49 MP: 6/11
  2080 | D:2      | Learned a level 3 spell: Conjure Flame
  2169 | D:2      | Found a faded altar of an unknown god.
  2436 | D:2      | Found a radiant altar of Vehumet.
  2580 | D:2      | Became a worshipper of Vehumet
  3252 | D:3      | Reached skill level 1 in Air Magic
  3338 | D:3      | Reached skill level 1 in Hexes
  3758 | D:3      | Reached XP level 6. HP: 15/57 MP: 1/12
  4925 | D:4      | Reached skill level 1 in Polearms
  5203 | D:4      | Found a staircase to the Ecumenical Temple.
  5234 | D:4      | Learned a level 3 spell: Tukima's Dance
  5242 | D:4      | Reached * piety under Vehumet
  5242 | D:4      | Offered knowledge of Shock by Vehumet.
  5497 | D:4      | Found a sparkling altar of Nemelex Xobeh.
  5548 | D:4      | Reached XP level 7. HP: 61/66 MP: 6/13
  5812 | D:4      | Found a white marble altar of Elyvilon.
  5983 | D:4      | Learned a level 1 spell: Shock
  6071 | D:4      | Reached skill level 1 in Fire Magic
  6241 | D:4      | HP: 3/64 [iguana (12)]
  6276 | D:4      | HP: 3/65 [something (6)]
  6737 | D:5      | Entered Level 5 of the Dungeon
  6851 | D:4      | Reached skill level 1 in Throwing
  7398 | D:5      | Reached XP level 8. HP: 75/75 MP: 10/15
  7508 | D:5      | Noticed Ijyb
  7540 | D:5      | Killed Ijyb
  7580 | D:5      | Found a sacrificial altar of Ru.
  7646 | D:5      | Identified the +1 pair of boots of Zumagiaq {rPois Int+4
                  | Slay-4}
  8125 | D:5      | Found a runed translucent gate.
  8125 | D:5      | Found a runed translucent gate.
  8125 | D:5      | Found a runed translucent gate.
  8125 | D:5      | Found an opulent altar of Gozag.
  8126 | D:5      | Noticed fantasyman's ghost (amateur BaFi)
  8129 | D:5      | Noticed a wyvern
  9193 | D:6      | Killed from afar by an electric eel

Illustrated notes

Levels and vault maps discovered:
D:1:      lemuel_arrival_muddy, layout_basic, serial_shops, shop,
          minmay_misc_feat_five
D:2:      layout_loops_ring, dreamdust_ecumenical_altar_drowned_temple,
          basic_altar, uniq_jessica, uniq_natasha
D:3:      layout_basic, serial_undead, serial_undead_b, serial_undead_a,
          serial_undead_f, serial_undead_a
D:4:      minmay_diamond_boxcup, layout_gridville, elyvilon_altar_3,
          nemelex_dance_club_becter, minmay_temple_entry_statues
D:5:      layout_layer_cave, nicolae_ru_great_annihilating_truth,
          ebering_ghost_gozag, uniq_ijyb
D:6:      layout_loops_ring, nzn_hepliaklqana_mist_gate, serial_bayou,
          serial_bayou_pond_b, serial_bayou_pond_d, serial_bayou_lake_a,
          serial_bayou_ford_a

Skill      XL: |  1  2  3  4  5  6  7  8 |
---------------+-------------------------+-----
Translocations | 1 2 |  2.1
Summonings     | 1 2 |  2.7
Conjurations   | 1 2 |  2.5
Dodging        | 2 3 |  3.2
Fighting       | 1 2 3 |  3.8
Spellcasting   | 4 |  4.8
Poison Magic   | 1 2 |  2.1
Air Magic      | 1 2 |  2.1
Hexes          | 1 2 |  2.0
Polearms       | 1 |  1.7
Fire Magic     | 1 |  1.5
Throwing       | 1 2 |  2.1
Short Blades   | |  0.9
Stealth        | |  1.4

Action                   |  1- 3 |  4- 6 |  7- 9 || total
-------------------------+-------+-------+-------++-------
Melee: Hand axe          |    40 |    19 |       ||    59
       Spear             |       |   116 |    79 ||   195
       Punch             |       |     3 |     4 ||     7
       Short sword       |       |       |    71 ||    71
Throw: Large rock        |       |     4 |    24 ||    28
       Javelin           |       |     3 |    12 ||    15
 Cast: Magic Dart        |    25 |    21 |       ||    46
       Slow              |     5 |     4 |       ||     9
       Call Imp          |    16 |    39 |    22 ||    77
       Mephitic Cloud    |       |     5 |    11 ||    16
       Conjure Flame     |       |     1 |     9 ||    10
       Blink             |       |     1 |     3 ||     4
       Shock             |       |       |     9 ||     9
       Tukima's Dance    |       |       |     5 ||     5
Evoke: Wand              |       |    12 |     5 ||    17
  Use: Potion            |     1 |     4 |     4 ||     9
       Scroll            |     4 |     8 |     4 ||    16
 Stab: Sleeping          |     1 |     3 |       ||     4
       Distracted        |       |     1 |       ||     1
       Confused          |       |       |     1 ||     1
Armor: Robe              |    22 |    21 |    59 ||   102
Dodge: Dodged            |    25 |    46 |    72 ||   143
